 Dungeon Crawl Stone Soup version 0.31-a0-564-g3b7de120b3 (webtiles) character file.

Game seed: 17706707237051640543

3486 lunkers the Martial Artist (level 10, -3/71 HPs)
             Began as a Meteoran Shapeshifter on Aug 17, 2023.
             Was an Elder of Okawaru.
             Slain by a two-headed ogre
             ... wielding a +0 giant spiked club
              (9 damage)
             ... on level 8 of the Dungeon.
             The game lasted 00:09:24 (2803 turns).

lunkers the Martial Artist (Meteoran Shapeshifter)  Turns: 2803, Time: 00:09:25

Health: -3/71      AC:  6    Str: 16    XL:     10   Next: 52%
Magic:  10/11      EV: 15    Int: 12    God:    Okawaru [****..]
Gold:   352        SH:  0    Dex: 18    Spells: 9/9 levels left

rFire   . .          .
                       - Unarmed
rCold   . . .        (no shield)
rNeg    . . .        j - +0 scale mail
rPois   .            (helmet currently unavailable)
rElec   .            (cloak currently unavailable)
rCorr   .            (gloves currently unavailable)
SInv    .            (boots currently unavailable)
Will    +....        (no amulet) Stlth
                     a - +5 ring of evasion
HPRegen 0.31/turn    b - ring of wizardry
MPRegen 0.12/turn

%: wizardry (x1)
@: mighty, beast-form, glowing
A: beast (slay +4), sense surroundings 2, otherworldly, glowing, explore regen
a: Begin Untransformation, Renounce Religion, Heroism, Finesse


You were on level 8 of the Dungeon.
You worshipped Okawaru.
Okawaru was greatly pleased with you.
You were a hulking beast.
You visited 2 branches of the dungeon, and saw 9 of its levels.

You collected 352 gold pieces.

Inventory:

Missiles
 k - 5 curare-tipped darts
Armour
 j - a +0 scale mail (worn)
Jewellery
 a - a +5 ring of evasion (left hand)
 b - a ring of wizardry (right hand)
Talismans
 c - a beast talisman (active)
 d - a flux talisman
Wands
 f - a wand of quicksilver (11)
 q - a wand of mindburst (20)
Scrolls
 g - 6 scrolls of teleportation
 n - a scroll of immolation
Potions
 e - a potion of attraction {unknown}
 h - a potion of might
 i - 2 potions of haste {unknown}
 l - a potion of resistance {unknown}
 m - 3 potions of enlightenment
 o - 2 potions of invisibility
 p - 2 potions of heal wounds
 r - a potion of curing {unknown}


   Skills:
 - Level 1.1 Fighting
 - Level 2.1 Dodging
 * Level 13.9 Unarmed Combat
 + Level 9.0 Shapeshifting


You had 9 spell levels left.
You didn't know any spells.
Your spell library contained the following spells:

 Spells                   Type           Power      Damage    Failure   Level
 Ensorcelled Hibernation  Hex/Ice        0%         N/A       56%         2
 Passwall                 Tmut/Erth      0%         N/A       56%         2
 Poisonous Vapours        Pois/Air       0%         N/A       56%         2
 Mephitic Cloud           Conj/Pois/Air  0%         N/A       80%         3
 Ozocubu's Armour         Ice            0%         N/A       80%         3
 Swiftness                Air            0%         N/A       80%         3
 Freezing Cloud           Conj/Ice/Air   0%         6-21      100%        5
 Ozocubu's Refrigeration  Ice            0%         4d7       100%        7


Dungeon Overview and Level Annotations

Branches:
Dungeon (8/15) Zot: 2093   Temple (1/1) D:4 Zot: 565
   Lair: D:8-11

Altars:
Ashenzari
Cheibriados
Dithmenos
Elyvilon
Gozag
Hepliaklqana
Kikubaaqudgha
Makhleb
Nemelex Xobeh
Okawaru
Ru
Sif Muna
Uskayaw
Vehumet
Xom
Yredelemnul
Zin
The Shining One

Shops:
D:6 *

Annotations:
D:5 Grinder


Innate Abilities, Weirdness & Mutations

You are a hulking beast.
Your limbs bulge with bestial killing power. (Slay +4)
You passively map the area around you.
You are easily found by Zot.
You glow in the dark.
You regain HP and MP as you explore.


Message History

Unknown command.
You pummel the centaur!!
The centaur is almost dead.
The centaur completely misses you.
The centaur kicks you but does no damage.
Unknown command.
You punch the centaur!
You kill the centaur!
Okawaru accepts your kill. The yak gores you but does no damage.
Unknown command.
You pummel the yak!! Your punch misses the yak.
The yak is almost dead.
Unknown command.
You punch the yak!
You kill the yak!
Okawaru accepts your kill. The yak gores you.
* * * LOW HITPOINT WARNING * * *
Unknown command.
You punch the yak!
The yak is moderately wounded.
The yak gores you.
* * * LOW HITPOINT WARNING * * *
The yak closely misses you.
Unknown command.
Unknown command.
You barely miss the yak.
The yak is moderately wounded.
Unknown command.
Unknown command.
You pummel the yak!!
You kill the yak!
Okawaru is honoured by your kill.
You can now speed up your combat.
The yak closely misses you.
Your Shapeshifting skill increases to level 9!
You barely miss the yak. Your punch misses the yak.
You feel like a meek peon again.
The two-headed ogre hits you with a +0 giant spiked club!
You die...

, , , , ,, * * ... ,
, * , ,, ... ,, * ,
.... , , , *** ,
,..... ,*, ,.,,, * ,
, .....# * * .. , ,
......# * ** .......
,
.......######..._....
, , ,,,
#..hYYo.......... * ,
, #..#OY.##........ ,
.##.##..##@....... ,
,,
#....#...##l.......
,, ,
#........#........
,** ,,
,*#.............##..#
,, , ,,,
......c.#..........,,
, ,
.........#...#......
, ,, , #.......#...#
.....


You could see a two-headed ogre, 3 yaks and an orc warrior.

Vanquished Creatures
  Pikel (D:7)
  Jeremiah (D:7)
  Psyche (D:8)
  A wyvern (D:8)
  2 yaks (D:8)
  Edmund (D:6)
  2 ice beasts (D:7)
  A sky beast (D:7)
  4 centaurs
  A lemure (D:7)
  Blork the orc (D:6)
  3 bullfrogs
  4 scorpions
  3 wights (D:7)
  A vampire bat (D:3)
  A howler monkey (D:4)
  3 jellies
  2 orc priests
  2 hounds
  3 iguanas
  4 orc wizards
  3 adders
  4 white imps
  A worm (D:2)
  2 dart slugs
  3 fire bats (D:3)
  23 orcs
  2 spectral bats (D:3)
  12 bats
  3 bat skeletons (D:3)
  A bat zombie (D:3)
  4 endoplasms
  7 goblins
  4 hobgoblins
  3 kobolds
  A quokka (D:1)
  5 ball pythons
  A bat simulacrum (D:3)
  A frilled lizard (D:3)
  3 rats
125 creatures vanquished.

Vanquished Creatures (others)
  An endoplasm (D:2)
1 creature vanquished.

Grand Total: 126 creatures vanquished

Notes
Turn   | Place    | Note
-------+----------+-------------------------------------------
     0 | D:1      | lunkers the Meteoran Shapeshifter began the quest for the
                  | Orb.
     0 | D:1      | Reached XP level 1. HP: 16/16 MP: 2/2
   130 | D:1      | Reached skill level 4 in Unarmed Combat
   130 | D:1      | Reached XP level 2. HP: 13/23 MP: 3/3
   169 | D:1      | You fall into a shaft and drop 1 floor!
   493 | D:2      | Reached XP level 3. HP: 28/28 MP: 4/4
   849 | D:3      | Reached XP level 4. HP: 35/35 MP: 5/5
   859 | D:3      | Reached skill level 5 in Unarmed Combat
   896 | D:3      | Reached XP level 5. HP: 38/40 MP: 6/6
   918 | D:3      | Reached skill level 6 in Unarmed Combat
  1025 | D:3      | Found a glowing silver altar of Zin.
  1143 | D:3      | Found a faded altar of an unknown god.
  1196 | D:4      | Reached XP level 6. HP: 46/47 MP: 7/7
  1203 | D:4      | Found a hazy altar of Hepliaklqana.
  1240 | D:4      | Reached skill level 7 in Unarmed Combat
  1240 | D:4      | Reached skill level 5 in Shapeshifting
  1261 | D:4      | Reached XP level 7. HP: 49/52 MP: 8/8
  1359 | D:4      | Found a staircase to the Ecumenical Temple.
  1372 | Temple   | Entered the Ecumenical Temple
  1391 | Temple   | Became a worshipper of Warmaster Okawaru
  1492 | D:4      | Found a white marble altar of Elyvilon.
  1509 | D:5      | Entered Level 5 of the Dungeon
  1540 | D:5      | Noticed Grinder
  1542 | D:5      | Paralysed by Grinder for 3 turns
  1682 | D:5      | Reached skill level 8 in Unarmed Combat
  1800 | D:6      | Reached XP level 8. HP: 42/59 MP: 9/9
  1804 | D:6      | Reached * piety under Okawaru
  1856 | D:6      | Noticed Blork the orc
  1868 | D:6      | Killed Blork the orc
  1869 | D:6      | Reached skill level 9 in Unarmed Combat
  1973 | D:6      | Found Tigeen's Mail-Order Catalogue.
  1994 | D:6      | Noticed Edmund
  2010 | D:6      | Killed Edmund
  2262 | D:7      | Reached skill level 10 in Unarmed Combat
  2268 | D:7      | Gained mutation: You passively map the area around you.
                  | [Meteoran growth]
  2268 | D:7      | Reached XP level 9. HP: 58/64 MP: 7/10
  2333 | D:7      | Reached ** piety under Okawaru
  2347 | D:7      | Noticed Pikel
  2361 | D:7      | Killed Pikel
  2362 | D:7      | Reached skill level 11 in Unarmed Combat
  2443 | D:7      | Reached skill level 12 in Unarmed Combat
  2462 | D:7      | Noticed Jeremiah
  2471 | D:7      | Killed Jeremiah
  2472 | D:7      | Reached XP level 10. HP: 22/71 MP: 8/11
  2541 | D:7      | Found a shimmering blue altar of Sif Muna.
  2583 | D:7      | Reached *** piety under Okawaru
  2782 | D:8      | Found a shimmering altar of Xom.
  2782 | D:8      | Noticed Psyche
  2783 | D:8      | Noticed a two-headed ogre
  2793 | D:8      | Reached skill level 13 in Unarmed Combat
  2795 | D:8      | Killed Psyche
  2802 | D:8      | Reached **** piety under Okawaru
  2803 | D:8      | Slain by a two-headed ogre

Illustrated notes

Levels and vault maps discovered:
D:1:      matt_arrival_diagonals, layout_basic
D:2:      layout_basic, minivault_19, grunt_ministairs_15, lemuel_flame_loot_1
D:3:      layout_basic, mainiacjoe_overflow_24_doors,
          shapermc_ecumenical_altar_mp_vishouse, serial_bayou_pond_a,
          goddamned_bats
D:4:      layout_rooms, mainiacjoe_overflow_boulevard,
          worldfamousw_hep_ancestral_shrine, temple_hall
D:5:      layout_cave_pools, uniq_grinder
D:6:      layout_cave_pools, minmay_misc_feat_room, monkooky_shop_mail_order,
          uniq_edmund, uniq_blork_the_orc
D:7:      layout_cave_pools, lemuel_doored_altar, uniq_jeremiah, uniq_pikel
D:8:      layout_cave_pools, enter_bailey_4, hangedman_feature_mirror,
          uniq_psyche, uniq_maurice
Temple:   eino_narrow_crystal_temple

Skill      XL: |  1  2  3  4  5  6  7  8  9 10 |
---------------+-------------------------------+-----
Unarmed Combat | 4 5 6 7 8 10 12 13 | 13.9
Shapeshifting  | 4 5 6 8 9 |  9.0
Fighting       | |  1.1
Dodging        | |  2.1

Action                     |  1- 3 |  4- 6 |  7- 9 | 10-12 || total
---------------------------+-------+-------+-------+-------++-------
  Melee: Unarmed           |    59 |    65 |   178 |    35 ||   337
         Punch             |     1 |     3 |    10 |     4 ||    18
 Invoke: Heroism           |       |       |     3 |     1 ||     4
    Use: Scroll            |       |       |     9 |     1 ||    10
         Potion            |       |       |     2 |     1 ||     3
 Armour: Animal skin       |     1 |       |       |       ||     1
         Leather armour    |     5 |       |       |       ||     5
         Scale mail        |    17 |    47 |    38 |    13 ||   115
         Skin              |       |       |     9 |       ||     9
  Dodge: Dodged            |    39 |    62 |    80 |    45 ||   226

Table legend: (Time is in decaauts)
 A = Elapsed time spent in this place.
 B = Non-inter-level travel time spent in this place.
 C = Inter-level travel time spent in this place.
 D = Time resting spent in this place.
 E = Time spent auto-exploring this place.
 F = Levels seen in this place.
 G = Mean time per level.
                   A        B        C        D        E       F      G
               +--------+--------+--------+--------+--------+-----+--------+
         Total |   2740 |   2638 |    102 |     63 |   1593 |   9 |  304.4 |
       Dungeon |   2705 |   2628 |     77 |     63 |   1593 |   8 |  338.1 |
        Temple |     34 |      9 |     25 |      0 |      0 |   1 |   34.0 |
               +--------+--------+--------+--------+--------+-----+--------+

Top non-repeatable levels by time:
     D:2: 530 daAuts
     D:7: 504 daAuts
     D:3: 484 daAuts
     D:6: 460 daAuts
     D:4: 288 daAuts
     D:5: 247 daAuts
     D:1: 167 daAuts
  Temple: 34 daAuts
     D:8: 21 daAuts
